[Event "Fagernes Chess Open 2025"]
[Site "Fagernes"]
[Date "2025.04.18"]
[Round "7.4"]
[White "Hansen, Thobias Gotaas"]
[Black "Kopperud, Vidar Aleksander"]
[Result "1-0"]
[Annotator "NA"]
[ECO "B50"]
[WhiteElo "1805"]
[BlackElo "1778"]
[PlyCount "69"]
[EventDate "2025.04.12"]
[EventCountry "NOR"]
[SourceTitle "playchess.com"]
[Source "ChessBase"]
[SourceQuality "1"]
[TimeControl "40/6000+30:2400+30"]

1. e4 c5 2. Nf3 d6 3. c3 Nf6 4. Be2 g6 5. O-O Bg7 6. Re1 O-O 7. d3 Nc6 8. h3 Bd7 9. Bf1 e5 10. d4 Qc7 11. d5 Ne7 12. b4 c4 13. a4 b5 14. Na3 a6 15. Qc2 Rab8 16. Be3 Ne8 17. Nd2 f5 18. f3 f4 19. Bf2 g5 20. Reb1 Ng6 21. Naxc4 bxc4 22. Nxc4 h5 23. Na5 Ra8 24. c4 Nf6 25. Qd2 Rfb8 26. c5 Bf8 27. c6 Bc8 28. b5 axb5 29. axb5 Rb6 30. Bxb6 Qxb6+ 31. Qf2 Rb8 32. Qxb6 Rxb6 33. Nc4 Rb8 34. b6 Ne8 35. c7 1-0

[Event "Fagernes Chess Open 2025"]
[Site "Fagernes"]
[Date "2025.04.18"]
[Round "7.5"]
[White "Neukamm, Christian"]
[Black "Andersen, Even Jorstad"]
[Result "1-0"]
[Annotator "NA"]
[ECO "B31"]
[WhiteElo "1776"]
[BlackElo "1681"]
[PlyCount "53"]
[EventDate "2025.04.12"]
[EventCountry "NOR"]
[SourceTitle "playchess.com"]
[Source "ChessBase"]
[SourceQuality "1"]
[TimeControl "40/6000+30:2400+30"]

1. e4 c5 2. Nf3 Nc6 3. Bb5 g6 4. O-O Bg7 5. Re1 e5 6. c3 Nge7 7. Na3 a6 8. Bc4 O-O 9. Nc2 d5 10. exd5 Nxd5 11. d4 Nb6 12. Bg5 Qd6 13. Bf1 cxd4 14. cxd4 exd4 15. Nfxd4 h6 16. Be3 Nd5 17. Nxc6 bxc6 18. Bd4 Be6 19. Bxg7 Kxg7 20. Qd4+ Kh7 21. Bc4 Qc7 22. Rac1 Rfd8 23. Qc5 Nf4 24. Rcd1 Rxd1 25. Rxd1 Bxc4 26. Qxc4 Nd5 27. Rxd5 1-0

[Event "Fagernes Chess Open 2025"]
[Site "Fagernes"]
[Date "2025.04.18"]
[Round "7.6"]
[White "Digernes, Mikael"]
[Black "Abrahamsson, Roaul"]
[Result "1/2-1/2"]
[Annotator "NA"]
[ECO "C55"]
[WhiteElo "1781"]
[BlackElo "1920"]
[PlyCount "106"]
[EventDate "2025.04.12"]
[EventCountry "NOR"]
[SourceTitle "playchess.com"]
[Source "ChessBase"]
[SourceQuality "1"]
[TimeControl "40/6000+30:2400+30"]

1. e4 e5 2. Nf3 Nc6 3. Bc4 Nf6 4. d3 Be7 5. O-O O-O 6. Re1 d6 7. a3 Na5 8. Ba2 c5 9. c3 b5 10. b4 Nc6 11. Bd5 Nxd5 12. exd5 Nb8 13. bxc5 dxc5 14. c4 f6 15. Nc3 bxc4 16. dxc4 Ba6 17. Qd3 Nc6 18. Qf5 Bc8 19. Qc2 Nd4 20. Nxd4 cxd4 21. Ne4 Bf5 22. Qe2 Bxe4 23. Qxe4 Rc8 24. f4 Bd6 25. fxe5 fxe5 26. Qg4 Qf6 27. Bg5 Qf2+ 28. Kh1 Qf5 29. Qxf5 Rxf5 30. Bh4 g5 31. g4 gxh4 32. gxf5 Rxc4 33. Rac1 Rxc1 34. Rxc1 d3 35. Kg2 Bxa3 36. Rc8+ Kf7 37. Kf3 e4+ 38. Ke3 Kf6 39. Rc4 Kxf5 40. Rxe4 d2 41. Rf4+ Ke5 42. Rf1 Bb4 43. Ke2 a5 44. d6 Kxd6 45. Rf4 Kc5 46. Rxh4 a4 47. Rxh7 Kc4 48. Rh4+ Kb3 49. Rxb4+ Kxb4 50. Kxd2 Kb3 51. Kc1 a3 52. Kb1 a2+ 53. Ka1 Kc3 1/2-1/2

[Event "Fagernes Chess Open 2025"]
[Site "Fagernes"]
[Date "2025.04.18"]
[Round "7.7"]
[White "Kuzmenko, Mykhailo"]
[Black "Solbu, August"]
[Result "0-1"]
[Annotator "NA"]
[ECO "D02"]
[WhiteElo "1747"]
[BlackElo "1887"]
[PlyCount "104"]
[EventDate "2025.04.12"]
[EventCountry "NOR"]
[SourceTitle "playchess.com"]
[Source "ChessBase"]
[SourceQuality "1"]
[TimeControl "40/6000+30:2400+30"]

1. d4 d5 2. Bf4 Nf6 3. e3 c5 4. Nf3 Nc6 5. c3 Qb6 6. dxc5 Qxb2 7. Nbd2 Qxc3 8. Rc1 Qa5 9. Qb3 e6 10. Bd3 Bxc5 11. O-O O-O 12. Qb1 Be7 13. e4 Nb4 14. Nb3 Qxa2 15. e5 Qxb1 16. Bxb1 Nd7 17. Nfd4 Nb8 18. Bd2 N4a6 19. Nb5 Nc6 20. f4 Bd7 21. Be3 Rfc8 22. Rfd1 Nc7 23. Nxc7 Rxc7 24. Nc5 Bxc5 25. Bxc5 Na5 26. Bd6 Rxc1 27. Rxc1 Nc4 28. Bc5 b6 29. Bd4 a5 30. Ba2 b5 31. Kf2 Rc8 32. Ke2 b4 33. Kd3 Bb5 34. Bxc4 dxc4+ 35. Kc2 Ba4+ 36. Kb2 c3+ 37. Kb1 Rd8 38. Bb6 Rd2 39. Bxa5 Rxg2 40. Bxb4 Rb2+ 41. Ka1 Rxb4 42. Rxc3 Rb8 43. h4 Be8 44. Rf3 h5 45. f5 exf5 46. Rxf5 g6 47. Rf6 Bd7 48. Rd6 Be6 49. Rd4 Kf8 50. Rb4 Ra8+ 51. Kb1 Ra5 52. Re4 Bf5 0-1

[Event "Fagernes Chess Open 2025"]
[Site "Fagernes"]
[Date "2025.04.18"]
[Round "7.8"]
[White "Vollheim, Daniel O"]
[Black "Yilmaz, Kazim"]
[Result "1/2-1/2"]
[Annotator "NA RC"]
[ECO "A25"]
[WhiteElo "1764"]
[BlackElo "1818"]
[PlyCount "90"]
[EventDate "2025.04.12"]
[EventCountry "NOR"]
[SourceTitle "playchess.com"]
[Source "ChessBase"]
[SourceQuality "1"]
[TimeControl "40/6000+30:2400+30"]

1. c4 e5 2. Nc3 Nf6 3. g3 Nc6 4. Bg2 Bc5 5. e3 d6 6. Nge2 O-O 7. O-O Bg4 8. d3 Qd7 9. Bd2 Bh3 10. a3 Bxg2 11. Kxg2 a6 12. Qc2 Rad8 13. Rad1 d5 14. cxd5 Nxd5 15. e4 Nxc3 16. Bxc3 Nd4 17. Nxd4 Bxd4 18. Bxd4 Qxd4 19. Qc3 Qxc3 20. bxc3 c5 21. f4 f6 22. fxe5 fxe5 23. Rxf8+ Kxf8 24. Kf3 Ke7 25. Ke3 b5 26. Rb1 Rb8 27. Rb2 a5 28. Kd2 Kd6 29. Kc2 Kc6 30. Kb3 Rd8 31. Kc2 Rf8 32. Kb3 Rf3 33. Rd2 a4+ 34. Kb2 Kb6 35. Ka2 Ka5 36. Kb2 b4 37. axb4+ cxb4 38. cxb4+ Kxb4 39. d4 exd4 40. Rxd4+ Kb5 41. Rd7 a3+ 42. Ka2 Kb4 43. Rb7+ Ka4 44. Ra7+ Kb4 45. Rb7+ Ka4 1/2-1/2

[Event "Fagernes Chess Open 2025"]
[Site "Fagernes"]
[Date "2025.04.18"]
[Round "7.9"]
[White "Aroven, Mikael"]
[Black "Sigvaldsen, Sebastian"]
[Result "1-0"]
[Annotator "NA"]
[ECO "D40"]
[WhiteElo "2145"]
[BlackElo "1613"]
[PlyCount "97"]
[EventDate "2025.04.12"]
[EventCountry "NOR"]
[SourceTitle "playchess.com"]
[Source "ChessBase"]
[SourceQuality "1"]
[TimeControl "40/6000+30:2400+30"]

1. Nf3 e6 2. c4 d5 3. e3 Nf6 4. Nc3 c5 5. d4 Nc6 6. a3 a5 7. cxd5 exd5 8. Bb5 c4 9. b3 cxb3 10. Qxb3 Be6 11. Ne5 Rc8 12. Qa4 Qc7 13. Bd2 Bd6 14. f4 O-O 15. Bd3 Rfe8 16. O-O g6 17. Rab1 Na7 18. Rfc1 Qe7 19. Rb3 Ne4 20. Bxe4 dxe4 21. d5 Bf5 22. Rcb1 Bxe5 23. fxe5 Qg5 24. Kh1 Rxe5 25. Qd4 Bg4 26. Rf1 Qh5 27. Nxe4 Kf8 28. Nf6 Rf5 29. Rbb1 Qh4 30. Nxg4 Rh5 31. Qh8+ Ke7 32. Rxb7+ Kd6 33. Qd4 Rxd5 34. Rf6+ Qxf6 35. Qxf6+ Kc5 36. Qb6+ Kc4 37. Qb3+ Kc5 38. Rxa7 Rcd8 39. Rxa5+ Kc6 40. Qc4+ Kb7 41. Rxd5 Rxd5 42. Qxd5+ Kc7 43. Ba5+ Kb8 44. Qd8+ Kb7 45. Qb6+ Ka8 46. Qc6+ Kb8 47. Bc7+ Ka7 48. Qb6+ Ka8 49. Qb8# 1-0

[Event "Fagernes Chess Open 2025"]
[Site "Fagernes"]
[Date "2025.04.18"]
[Round "7.10"]
[White "Stokhaug, Jon Arne"]
[Black "Lien, Benjamin"]
[Result "1-0"]
[Annotator "NA"]
[ECO "A29"]
[WhiteElo "1871"]
[BlackElo "1733"]
[PlyCount "69"]
[EventDate "2025.04.12"]
[EventCountry "NOR"]
[SourceTitle "playchess.com"]
[Source "ChessBase"]
[SourceQuality "1"]
[TimeControl "40/6000+30:2400+30"]

1. c4 e5 2. Nc3 Nf6 3. g3 d5 4. cxd5 Nxd5 5. Bg2 Nb6 6. Nf3 Nc6 7. O-O Bf5 8. d3 Be7 9. a3 O-O 10. b4 a6 11. Bb2 Re8 12. Rc1 Bf8 13. Nd2 Qc8 14. Re1 Qe6 15. Nce4 Rad8 16. Qb3 Qg6 17. Qc2 Be6 18. Nc5 Bxc5 19. Qxc5 Na4 20. Qc2 Nxb2 21. Qxb2 f5 22. Bxc6 bxc6 23. Rxc6 Qg5 24. Rc5 Rd5 25. Nf3 Qh5 26. Rxc7 f4 27. Rec1 Bg4 28. Ne1 Bxe2 29. Rc8 f3 30. Qb3 Qh3 31. Qxd5+ Kf8 32. Qd6+ Kg8 33. Rxe8+ Kf7 34. Re7+ Kf8 35. Qd8# 1-0

[Event "Fagernes Chess Open 2025"]
[Site "Fagernes"]
[Date "2025.04.18"]
[Round "7.11"]
[White "Lang, Gusztav Jr"]
[Black "Brattgjerd, August Minh"]
[Result "0-1"]
[Annotator "NA"]
[ECO "C00"]
[WhiteElo "1729"]
[BlackElo "1845"]
[PlyCount "102"]
[EventDate "2025.04.12"]
[EventCountry "NOR"]
[SourceTitle "playchess.com"]
[Source "ChessBase"]
[SourceQuality "1"]
[TimeControl "40/6000+30:2400+30"]

1. e4 e6 2. Nf3 d5 3. exd5 exd5 4. Bb5+ c6 5. Be2 Bd6 6. d4 Ne7 7. Bg5 f6 8. Bh4 O-O 9. Bg3 Nf5 10. Bxd6 Nxd6 11. Nbd2 Qb6 12. b3 Bf5 13. O-O Nb5 14. Bxb5 Qxb5 15. c4 dxc4 16. bxc4 Qa6 17. Re1 Nd7 18. Qb3 Rfe8 19. c5+ Kf8 20. Nh4 Bd3 21. Re6 g5 22. Nhf3 Bg6 23. Rae1 Bf7 24. Rxe8+ Rxe8 25. Rxe8+ Kxe8 26. Qe3+ Kf8 27. h4 h6 28. hxg5 hxg5 29. Ne4 Qxa2 30. Nd6 b5 31. Nxg5 fxg5 32. Qxg5 Qe6 33. Qd8+ Kg7 34. Qg5+ Qg6 35. Nf5+ Kh7 36. Qh4+ Qh5 37. Qf4 Nf6 38. Ng3 Qh6 39. Qc7 Qc1+ 40. Nf1 Kg6 41. Qg3+ Qg5 42. Qd3+ Kh6 43. Qh3+ Kg7 44. Ne3 Nd5 45. Nf5+ Kg6 46. Nh4+ Kf6 47. Nf3 Qc1+ 48. Kh2 Qf4+ 49. Kg1 Kg7 50. Qd7 a5 51. Qxc6 Qc1+ 0-1

[Event "Fagernes Chess Open 2025"]
[Site "Fagernes"]
[Date "2025.04.18"]
[Round "7.12"]
[White "Jorgensen, Catherine"]
[Black "Rynning, Rune Kleiven"]
[Result "1-0"]
[Annotator "NA"]
[ECO "B90"]
[WhiteElo "1609"]
[BlackElo "1776"]
[PlyCount "85"]
[EventDate "2025.04.12"]
[EventCountry "NOR"]
[SourceTitle "playchess.com"]
[Source "ChessBase"]
[SourceQuality "1"]
[TimeControl "40/6000+30:2400+30"]

1. e4 c5 2. Nf3 d6 3. d4 cxd4 4. Nxd4 Nf6 5. Nc3 a6 6. f3 h5 7. h4 e5 8. Nb3 Be6 9. Be3 Nbd7 10. Qd2 Rc8 11. Nd5 Bxd5 12. exd5 Nb6 13. O-O-O Nbxd5 14. Bg5 Qc7 15. Bd3 Be7 16. Rhe1 O-O 17. Bxf6 Nxf6 18. f4 Ng4 19. fxe5 dxe5 20. Bf5 Bxh4 21. Rh1 Bg3 22. Kb1 Rcd8 23. Qe2 Rxd1+ 24. Rxd1 Nf6 25. Nc1 g6 26. Qf3 Bf4 27. Bd3 Re8 28. g3 e4 29. Bxe4 Rxe4 30. gxf4 Rxf4 31. Qg3 Ne4 32. Qe3 Rg4 33. Nd3 b5 34. Nb4 Qc5 35. Qe1 a5 36. Nd3 Qb6 37. Ne5 Rf4 38. Nd3 Rg4 39. Ne5 Nf2 40. Nd7 Qa7 41. Qe8+ Kg7 42. Qf8+ Kh7 43. Nf6# 1-0

[Event "Fagernes Chess Open 2025"]
[Site "Fagernes"]
[Date "2025.04.18"]
[Round "7.13"]
[White "Lysen, Terje Kevin G"]
[Black "Gilsdottir, Sara"]
[Result "1-0"]
[Annotator "NA"]
[ECO "B14"]
[WhiteElo "1667"]
[BlackElo "1738"]
[PlyCount "129"]
[EventDate "2025.04.12"]
[EventCountry "NOR"]
[SourceTitle "playchess.com"]
[Source "ChessBase"]
[SourceQuality "1"]
[TimeControl "40/6000+30:2400+30"]

1. e4 c6 2. d4 d5 3. exd5 cxd5 4. c4 Nf6 5. Nc3 e6 6. Nf3 Be7 7. Bd3 O-O 8. O-O b6 9. Re1 Bb7 10. Bf4 Nbd7 11. Rc1 Rc8 12. b3 Re8 13. cxd5 Nxd5 14. Nxd5 Bxd5 15. Qd2 Bxf3 16. gxf3 Nf6 17. Bb5 Rf8 18. Rxc8 Qxc8 19. Rc1 Qd8 20. Rc7 a5 21. Rb7 Bb4 22. Qd3 Nd5 23. Bg3 Qg5 24. Bc4 Nf4 25. Qe4 Nh5 26. Rxb6 Qc1+ 27. Kg2 Nxg3 28. hxg3 Qb2 29. a4 Rd8 30. Rb7 Qxd4 31. Qxd4 Rxd4 32. f4 Kf8 33. f5 Re4 34. fxe6 fxe6 35. Bd3 Rd4 36. Bxh7 Rd2 37. Bg6 Bc5 38. Rf7+ Kg8 39. Rf3 e5 40. Be4 Rd4 41. Bc6 Kh7 42. Rf5 Bd6 43. f3 Kg6 44. Be4 Kh6 45. g4 g6 46. Rf6 Rxe4 47. fxe4 Bb4 48. Kf3 Kg5 49. Re6 Bc3 50. Rc6 Bb4 51. Rc4 Bd2 52. Ke2 Bf4 53. Rc5 Kxg4 54. Rxa5 Kh3 55. Ra6 g5 56. Rg6 g4 57. a5 g3 58. a6 g2 59. a7 Bg3 60. a8=Q g1=Q 61. Qh8+ Kg2 62. Rxg3+ Kxg3 63. Qg7+ Kh2 64. Qxg1+ Kxg1 65. b4 1-0

[Event "Fagernes Chess Open 2025"]
[Site "Fagernes"]
[Date "2025.04.18"]
[Round "7.14"]
[White "Odden, Jan Ove"]
[Black "Wen, Liana"]
[Result "1-0"]
[Annotator "NA"]
[ECO "B76"]
[WhiteElo "1720"]
[BlackElo "1404"]
[PlyCount "57"]
[EventDate "2025.04.12"]
[EventCountry "NOR"]
[SourceTitle "playchess.com"]
[Source "ChessBase"]
[SourceQuality "1"]
[TimeControl "40/6000+30:2400+30"]

1. e4 c5 2. Nf3 d6 3. d4 cxd4 4. Nxd4 Nf6 5. Nc3 g6 6. Be3 Bg7 7. f3 O-O 8. Qd2 Nc6 9. O-O-O d5 10. exd5 Nxd4 11. Bxd4 a6 12. g4 b5 13. g5 b4 14. Ne4 Nxe4 15. fxe4 Qa5 16. Kb1 f6 17. gxf6 exf6 18. Be2 Re8 19. Bf3 Qb5 20. h4 h5 21. Rhg1 f5 22. Bxg7 Kxg7 23. Qg5 Qb6 24. Bxh5 Rxe4 25. Bxg6 Kf8 26. d6 Bd7 27. Qh6+ Kg8 28. Qh7+ Kf8 29. Qf7# 1-0

[Event "Fagernes Chess Open 2025"]
[Site "Fagernes"]
[Date "2025.04.18"]
[Round "7.15"]
[White "Dybvik, Bjorn Noralf"]
[Black "Ruud, Mikael"]
[Result "1/2-1/2"]
[Annotator "NA RC"]
[ECO "C54"]
[WhiteElo "1686"]
[BlackElo "1588"]
[PlyCount "50"]
[EventDate "2025.04.12"]
[EventCountry "NOR"]
[SourceTitle "playchess.com"]
[Source "ChessBase"]
[SourceQuality "1"]
[TimeControl "40/6000+30:2400+30"]

1. e4 e5 2. Nf3 Nc6 3. Bc4 Bc5 4. c3 Nf6 5. d3 h6 6. b4 Bb6 7. b5 Na5 8. Nxe5 Nxc4 9. Nxc4 d5 10. Nxb6 axb6 11. e5 Ng4 12. Qe2 O-O 13. O-O Re8 14. d4 Qh4 15. Bf4 Nxe5 16. Bg3 Qg4 17. f3 Nxf3+ 18. Qxf3 Qxf3 19. Rxf3 Re2 20. a3 Bd7 21. Bxc7 Bxb5 22. Bxb6 Re1+ 23. Kf2 Re2+ 24. Kg3 Ra6 25. Rf2 Rxb6 1/2-1/2

[Event "Fagernes Chess Open 2025"]
[Site "Fagernes"]
[Date "2025.04.18"]
[Round "7.16"]
[White "Vatneodegard, Marie"]
[Black "Smedsrud, Morten S"]
[Result "1-0"]
[Annotator "NA"]
[ECO "C42"]
[WhiteElo "1538"]
[BlackElo "1699"]
[PlyCount "65"]
[EventDate "2025.04.12"]
[EventCountry "NOR"]
[SourceTitle "playchess.com"]
[Source "ChessBase"]
[SourceQuality "1"]
[TimeControl "40/6000+30:2400+30"]

1. e4 e5 2. Nf3 Nf6 3. Nxe5 Nxe4 4. Qe2 Qe7 5. Qxe4 d6 6. d4 dxe5 7. dxe5 Nc6 8. Bb5 Bd7 9. O-O a6 10. Ba4 f5 11. Qf4 O-O-O 12. Bxc6 Bxc6 13. Qxf5+ Bd7 14. Qf4 Be6 15. Nc3 Rg8 16. Be3 g5 17. Qe4 Qf7 18. Rfd1 Be7 19. Rxd8+ Rxd8 20. h3 h5 21. Ne2 Bd5 22. Qa4 Bc6 23. Qa5 Rd5 24. Qc3 Rb5 25. Rd1 Qxa2 26. e6 Qxb2 27. Qd3 Rd5 28. Nd4 a5 29. Qg6 Qb4 30. Qg8+ Rd8 31. Qf7 h4 32. Rc1 Qd6 33. Nf5 1-0

[Event "Fagernes Chess Open 2025"]
[Site "Fagernes"]
[Date "2025.04.18"]
[Round "7.17"]
[White "Warstad, Leif E"]
[Black "Bollestad, Leiv Ove"]
[Result "0-1"]
[Annotator "NA RC"]
[ECO "A05"]
[WhiteElo "1606"]
[BlackElo "1585"]
[PlyCount "76"]
[EventDate "2025.04.12"]
[EventCountry "NOR"]
[SourceTitle "playchess.com"]
[Source "ChessBase"]
[SourceQuality "1"]
[TimeControl "40/6000+30:2400+30"]

1. Nf3 b6 2. g3 Bb7 3. Bg2 Nf6 4. d3 g6 5. Nc3 Bg7 6. e4 d6 7. Bd2 Nbd7 8. O-O e5 9. a4 O-O 10. Qc1 Re8 11. Bg5 Nf8 12. Nd5 Ne6 13. Nxf6+ Bxf6 14. Bxf6 Qxf6 15. c3 Nc5 16. Qc2 d5 17. exd5 Bxd5 18. Nd2 Rad8 19. Ne4 Qc6 20. c4 Nxe4 21. Bxe4 Bxe4 22. dxe4 Rd4 23. b3 Qxe4 24. Qxe4 Rxe4 25. Rad1 Rd4 26. Rfe1 Rxd1 27. Rxd1 Re7 28. Kf1 f5 29. Ke2 Kf7 30. h4 Ke6 31. Ke3 a5 32. f3 Rd7 33. Rxd7 Kxd7 34. g4 h6 35. f4 fxg4 36. fxe5 Ke6 37. Kf4 h5 38. Kg3 Kxe5 0-1

[Event "Fagernes Chess Open 2025"]
[Site "Fagernes"]
[Date "2025.04.18"]
[Round "7.18"]
[White "Jullum, Hege Ibsen"]
[Black "Nebell, Anne Grete"]
[Result "1/2-1/2"]
[Annotator "NA RC"]
[ECO "D04"]
[WhiteElo "1484"]
[BlackElo "1561"]
[PlyCount "45"]
[EventDate "2025.04.12"]
[EventCountry "NOR"]
[SourceTitle "playchess.com"]
[Source "ChessBase"]
[SourceQuality "1"]
[TimeControl "40/6000+30:2400+30"]

1. d4 d5 2. Nf3 Nf6 3. e3 c5 4. b3 cxd4 5. exd4 Nc6 6. Bb2 Bf5 7. Be2 e6 8. O-O Bd6 9. Nbd2 O-O 10. Ne5 Rc8 11. c4 Nd7 12. Ndf3 Ndxe5 13. dxe5 Be7 14. cxd5 exd5 15. Nd4 Nxd4 16. Bxd4 Bc5 17. Bxc5 Rxc5 18. Bd3 Bxd3 19. Qxd3 d4 20. Rac1 Rxe5 21. Rc4 Qb6 22. Qxd4 Qxd4 23. Rxd4 1/2-1/2

[Event "Fagernes Chess Open 2025"]
[Site "Fagernes"]
[Date "2025.04.18"]
[Round "7.19"]
[White "Skotheim, Havard"]
[Black "Johansson, Henrik"]
[Result "1-0"]
[Annotator "NA"]
[ECO "B01"]
[WhiteElo "1548"]
[BlackElo "1730"]
[PlyCount "57"]
[EventDate "2025.04.12"]
[EventCountry "NOR"]
[SourceTitle "playchess.com"]
[Source "ChessBase"]
[SourceQuality "1"]
[TimeControl "40/6000+30:2400+30"]

1. e4 d5 2. Nf3 dxe4 3. Ng5 Nf6 4. d3 exd3 5. Bxd3 e6 6. O-O Be7 7. Nc3 Nc6 8. Re1 O-O 9. h4 g6 10. Be3 Nd5 11. Nxd5 exd5 12. c3 Ne5 13. Bd4 Nxd3 14. Qxd3 Bxg5 15. hxg5 Qxg5 16. Re5 Bf5 17. Qe2 c6 18. f3 h5 19. Re1 h4 20. Re7 Qg3 21. Qe3 h3 22. Re2 g5 23. Be5 Qh4 24. g3 Qh6 25. Rxb7 f6 26. Bd4 Qh5 27. g4 Bxg4 28. fxg4 Qxg4+ 29. Kh2 1-0